Map: Overgrowth LE (Void)

Players

Stats

  • Race: Protoss Protoss
  • Spawn Location: 7:00

INnoVation - Winner!

  • Race: Terran Terran
  • Spawn Location: 1:00

Event: IEM Season 11 - Gyeonggi

VOD

Have the link to the VOD?

Description

Time

  • Played on: Dec. 13, 2016, 8:31 p.m.
  • Length: 8:35

All games in this series

Show
View Real Time Build Order
Export as new Build Order

Stats Protoss 

Build Orders: 1 Gate Expand, Oracle Opening, Phoenix Opening 

Get SALT Encoding   

  12  0:01  Probe (Chrono Boost)  
  13  0:12  Probe (Chrono Boost)  
  14  0:17  Pylon  
  14  0:22  Probe (Chrono Boost)  
  15  0:35  Gateway, Probe (Chrono Boost)  
  16  0:41  Assimilator  
  16  0:46  Probe (Chrono Boost)  
  17  0:56  Probe (Chrono Boost)  
  18  1:07  Probe (Chrono Boost)  
  19  1:16  Nexus  
  19  1:26  Cybernetics Core  
  19  1:29  Probe (Chrono Boost)  
  20  1:34  Assimilator  
  21  1:40  Probe (Chrono Boost)  
  21  1:46  Pylon  
  21  1:50  Probe (Chrono Boost)  
  22  2:00  Probe (Chrono Boost)  
  23  2:03  Warp Gate  
  23  2:04  Adept (Chrono Boost)  
  25  2:12  Probe  
  26  2:20  Stargate  
  26  2:25  Probe  
  26  2:28  Probe, Adept (Chrono Boost)  
  30  2:37  Probe  
  31  2:38  Probe  
  32  2:49  Probe x2  
  34  2:59  Probe  
  34  3:01  Probe  
  34  3:03  Oracle (Chrono Boost)  
  39  3:10  Probe  
  40  3:13  Probe  
  40  3:15  Nexus  
  40  3:19  Pylon  
  41  3:23  Probe  
  41  3:25  Probe  
  43  3:33  Probe  
  43  3:35  Phoenix (Chrono Boost)  
  43  3:37  Probe  
  47  3:42  Pylon  
  47  3:43  Mothership Core  
  49  3:52  Gateway x2  
  49  3:57  Phoenix (Chrono Boost)  
  51  4:03  Probe  
  51  4:08  Probe  
  50  4:10  Robotics Facility  
  50  4:15  Probe  
  51  4:18  Probe  
  51  4:24  Assimilator  
  52  4:25  Assimilator  
  52  4:27  Phoenix (Chrono Boost)  
  52  4:28  Probe  
  52  4:29  Probe x2  
  57  4:38  Probe  
  57  4:39  Probe  
  57  4:41  Probe  
  60  4:46  Pylon  
  60  4:48  Phoenix (Chrono Boost)  
  60  4:49  Probe  
  60  4:50  Probe  
  64  4:53  Probe  
  64  4:55  Forge  
  64  4:57  Twilight Council  
  64  4:59  Warp Prism (Chrono Boost)  
  67  5:03  Probe  
  67  5:04  Probe  
  67  5:05  Probe  
  70  5:07  Sentry  
  70  5:09  Adept  
  70  5:10  Adept  
  76  5:14  Pylon  
  76  5:16  Probe  
  76  5:18  Probe x2  
  79  5:25  Resonating Glaives, Pylon  
  79  5:26  Gateway  
  79  5:27  Gateway  
  79  5:31  Gateway  
  79  5:34  Observer (Chrono Boost)  
  80  5:38  Protoss Ground Weapons Level 1 (Chrono Boost)  
  80  5:43  Pylon  
  80  5:45  Pylon  
  80  5:47  Adept x2  
  80  5:49  Adept  
  86  6:02  Gateway  
  86  6:03  Gateway  
  86  6:11  Observer  
  86  6:13  Adept x3  
  93  6:23  Gateway x2  
  93  6:24  Probe x2  
  93  6:25  Probe  
  96  6:28  Adept x3  
  102  6:36  Immortal  
  102  6:37  Adept x3  
  112  6:50  Pylon  
  112  6:52  Pylon  
  112  6:54  Pylon  
  112  6:55  Pylon  
  110  7:14  Adept x3  
  110  7:15  Adept x2  
  110  7:16  Pylon  
  104  7:34  Pylon  
  104  7:36  Pylon  
  104  7:37  Pylon  
  104  7:38  Stalker x2  
  104  7:39  Stalker, Pylon  
  107  7:45  Stalker  
  103  7:53  Adept x4  
  103  7:54  Adept  
  79  8:14  Adept x4  
  79  8:15  Adept x3  
Show
View Real Time Build Order
Export as new Build Order

INnoVation Terran - Winner!

Build Orders: Reaper Expand, MMM Bio 

Get SALT Encoding   

  12  0:00  SCV  
  13  0:12  SCV  
  14  0:17  Supply Depot  
  14  0:24  SCV  
  14  0:27  Refinery  
  15  0:39  SCV  
  16  0:44  Barracks  
  16  0:51  SCV  
  17  1:03  SCV  
  18  1:15  SCV  
  19  1:31  Orbital Command, Reaper  
  20  1:41  Command Center  
  20  1:52  Factory  
  20  1:56  SCV  
  21  2:05  Barracks Reactor, Refinery  
  21  2:08  SCV  
  21  2:13  Supply Depot  
  22  2:20  SCV  
  23  2:35  SCV  
  24  2:37  Starport  
  24  2:41  Widow Mine  
  24  2:42  Marine x2  
  28  2:47  SCV  
  29  2:53  Orbital Command  
  28  2:59  SCV  
  28  3:00  Marine x2  
  31  3:11  SCV  
  31  3:12  Widow Mine  
  34  3:13  Medivac  
  34  3:18  Marine x2, SCV  
  39  3:23  SCV  
  40  3:27  Barracks  
  40  3:30  Supply Depot  
  40  3:34  SCV  
  40  3:35  SCV  
  40  3:36  Marine  
  40  3:38  Marine  
  44  3:41  Factory Tech Lab  
  44  3:47  SCV x2  
  46  3:51  Barracks  
  46  3:56  Supply Depot  
  46  3:57  Marine x2  
  46  4:00  SCV x2  
  50  4:03  Starport Tech Lab  
  49  4:10  Engineering Bay  
  49  4:12  SCV x2  
  49  4:16  Marine x2  
  53  4:21  Marine, Stimpack  
  53  4:23  Factory Reactor  
  54  4:25  SCV  
  54  4:26  SCV  
  54  4:28  Starport Reactor  
  54  4:31  Supply Depot  
  56  4:39  SCV x2, Terran Infantry Weapons Level 1  
  56  4:41  Refinery  
  56  4:43  Combat Shields  
  56  4:45  Marine x3  
  58  4:47  Marine  
  58  4:52  Supply Depot  
  62  4:53  SCV  
  62  4:54  SCV  
  62  4:59  Supply Depot  
  64  5:01  Widow Mine x2  
  64  5:05  SCV  
  64  5:06  SCV  
  70  5:13  Marine x4  
  70  5:14  Medivac x2  
  76  5:17  Refinery  
  78  5:22  Supply Depot  
  78  5:25  SCV x2, Supply Depot  
  80  5:31  Marine x3  
  80  5:32  Marine  
  80  5:33  Widow Mine  
  85  5:39  Liberator x2  
  85  5:43  Widow Mine  
  85  5:45  Missile Turret x2  
  85  5:49  Marine x3  
  89  5:50  Marine  
  96  5:57  Supply Depot  
  96  6:03  Supply Depot  
  96  6:04  Widow Mine  
  96  6:05  SCV x2  
  96  6:10  Marine x2  
  102  6:19  Marine x2, SCV x2, Widow Mine  
  102  6:21  Supply Depot, Liberator  
  102  6:22  Liberator  
  108  6:28  Marine x2  
  109  6:36  Supply Depot  
  109  6:37  Marine, Terran Infantry Armor Level 1  
  109  6:38  Marine  
  117  6:46  Marine x2  
  117  6:51  Widow Mine x2  
  118  6:54  Marine  
  118  6:56  Marine  
  118  7:00  SCV x2  
  120  7:04  Marine x2  
  119  7:12  SCV x2  
  112  7:24  SCV  
  112  7:29  Marine x4  
  107  7:31  SCV  
  107  7:37  SCV  
  92  7:45  SCV  
  92  7:47  Marine x4  
  92  7:49  SCV  
  89  8:04  Marine  
  89  8:05  Marine x3  
  93  8:11  SCV  
  87  8:19  SCV  
  76  8:23  SCV  

Tags
 
Add a new tag
Caveats
  • Supply blocks, unpowered buildings, or Contaminate may cause inaccurate times.
  • Supply counts are checked every 10 seconds.